Workbook

Sheet Equity Open Ended  
A1: Dashboard as on 31/01/2018
A2: Scheme Name | B2: LIC MF Equity Fund | H2: LIC MF Growth Fund | N2: LIC MF MID CAP FUND | T2: LIC MF Banking & Financial Services Fund | Z2: LIC MF Infrastructure Fund | AF2: LIC MF ETF - Nifty 50 | AL2: LIC MF ETF - Sensex | AR2: LIC MF ETF - Nifty 100 | AX2: LIC MF Index Fund - Nifty | BD2: LIC MF Index Fund - Sensex | BJ2: LIC MF Balanced Fund | BP2: LIC MF Tax Plan | BV2: LIC MF Unit Linked Insurance Scheme | CB2: LIC MF Childrens Gift Fund
A4: Date of Allotment | B4: 15.04.1993 | H4: 01.09.1994 | N4: 25.02.2015 | T4: 27.03.2015 | Z4: 24.03.2008 | AF4: 20.11.2015 | AL4: 30.11.2015 | AR4: 17.03.2016 | AX4: 05.12.2002 | BD4: 05.12.2002 | BJ4: 01.01.1991 | BP4: 31.03.1997 | BV4: 19.06.1989 | CB4: 12.11.2001
A6: AUM (in Rs. crore) | B6: 378.82 | H6: 242.59 | N6: 269.86 | T6: 82.44 | Z6: 74.14 | AF6: 477.38 | AL6: 355.97 | AR6: 308.86 | AX6: 24.64 | BD6: 15.05 | BJ6: 330.16 | BP6: 155.11 | BV6: 260.58 | CB6: 18.8
A8: Investment Objective | B8: An open ended pure Growth scheme seeking to provide capital growth by investing mainly in mix of equity instruments. | H8: An open ended pure Growth scheme seeking to provide capital growth by investing mainly in equity instruments and also in debt and other permitted instruments of capital and money markets. | N8: To generate long term capital appreciation by investing substantially in a portfolio of equity and equity linked instruments of midcap companies. | T8: The investment objective of the scheme is to generate long-term capital appreciation for unit holders from a portfolio that is invested substantially in equity and equity related securities of companies engaged in banking & financial services sector. | Z8: The investment objective of the scheme is to generate long-term growth from a portfolio of equity / equity related instruments of companies engaged either directly or indirectly in the infrastructure sector. | AF8: The investment objective of the scheme is to provide returns that, closely correspond to the total returns of the securities as represented by the NIFTY 50 Index, subject to tracking errors. | AL8: The investment objective of the scheme is to provide returns that, closely correspond to the total returns of the securities as represented by the S&P BSE SENSEX by holding S&P BSE SENSEX stocks in same proportion, subject to tracking errors. | AR8: The investment objective of the scheme is to provide returns that, closely correspond to the total returns of the securities as represented by the NIFTY 100, subject to tracking errors. | AX8: The main investment objective of the fund is to generate returns commensurate with the performance of the index either Nifty/ Sensex based on the plans by investing in the respective index stocks subject to tracking errors | BD8: The main investment objective of the fund is to generate returns commensurate with the performance of the index either Nifty/ Sensex based on the plans by investing in the respective index stocks subject to tracking errors. | BJ8: An open ended Income and Growth scheme which seeks to provide regular returns and capital appreciation according to the selection of plan by investing in equities and debt instruments. | BP8: To provide capital growth along with tax rebate and tax relief to our investors through prudent investments in the stock markets. | BV8: The investment Objective of the LIC MF Unit Linked Insurance Scheme (LIC MF ULIS) is to generate long-term capital appreciation through growth in NAV and reinvestment of income distributed on units of the scheme. The scheme offers Tax rebate on investment u/s 80C of Income Tax Act as well as a life cover and a free accident insurance cover. | CB8: The primary investment objective of the scheme is to seek to generate capital appreciation & provide long-term growth opportunities by investing in a portfolio constituted of equity securities & equity related securities and the secondary objective is to generate consistent returns by investing in debt and money market securities However there can be no assurance that the investment objective of the scheme will be achieved.
A10: Expense Ratio
A11: Regular | B11: 0.0241 | H11: 0.0285 | N11: 0.0284 | T11: 0.03 | Z11: 0.027 | AF11: 0.001 | AL11: 0.001 | AR11: 0.0025 | AX11: 0.012 | BD11: 0.017 | BJ11: 0.0283 | BP11: 0.0271 | BV11: 0.023 | CB11: 0.0248
A12: Direct | B12: 0.0165 | H12: 0.016 | N12: 0.0053 | T12: 0.0123 | Z12: 0.0141 | AF12: - | AL12: - | AR12: - | AX12: 0.0065 | BD12: 0.0114 | BJ12: 0.0052 | BP12: 0.0143 | BV12: 0.0126 | CB12: 0.0148
A14: Portfolio (Top 10 Holdings) | B14: Name of the issuer | E14: % of Scheme | H14: Name of the issuer | K14: % of Scheme | N14: Name of the issuer | Q14: % of Scheme | T14: Name of the issuer | W14: % of Scheme | Z14: Name of the issuer | AC14: % of Scheme | AF14: Name of the issuer | AI14: % of Scheme | AL14: Name of the issuer | AO14: % of Scheme | AR14: Name of the issuer | AU14: % of Scheme | AX14: Name of the issuer | BA14: % of Scheme | BD14: Name of the issuer | BG14: % of Scheme | BJ14: Name of the issuer | BM14: % of Scheme | BP14: Name of the issuer | BS14: % of Scheme | BV14: Name of the issuer | BY14: % of Scheme | CB14: Name of the issuer | CE14: % of Scheme
B15: ICICI Bank Ltd. | E15: 6.31 | H15: Maruti Suzuki India Ltd. | K15: 9.25 | N15: ICICI Bank Ltd. | Q15: 4.62 | T15: ICICI Bank Ltd. | W15: 9.03 | Z15: ICICI Bank Ltd. | AC15: 9.38 | AF15: HDFC Bank Ltd. | AI15: 9.63 | AL15: HDFC Bank Ltd. | AO15: 11.55 | AR15: HDFC Bank Ltd. | AU15: 8.19 | AX15: HDFC Bank Ltd. | BA15: 9.64 | BD15: HDFC Bank Ltd. | BG15: 11.57 | BJ15: IDFC Bank Ltd. | BM15: 7.52 | BP15: ICICI Bank Ltd. | BS15: 6.22 | BV15: Government Treasury Bill | BY15: 9.53 | CB15: Tech Mahindra Ltd. | CE15: 4
B16: Punjab National Bank | E16: 5.53 | H16: HDFC Bank Ltd. | K16: 9.08 | N16: Motherson Sumi Systems Ltd. | Q16: 3.93 | T16: State Bank of India | W16: 7.69 | Z16: HDFC Bank Ltd. | AC16: 8.71 | AF16: Reliance Industries Ltd. | AI16: 7.76 | AL16: Housing Development Finance Corp Ltd. | AO16: 8.82 | AR16: Reliance Industries Ltd. | AU16: 6.62 | AX16: Reliance Industries Ltd. | BA16: 7.79 | BD16: Housing Development Finance Corp Ltd. | BG16: 8.83 | BJ16: Government Bond | BM16: 5.09 | BP16: HDFC Bank Ltd. | BS16: 5.6 | BV16: HDFC Bank Ltd. | BY16: 9.41 | CB16: Sun Pharmaceutical Ind Ltd. | CE16: 3.6
B17: Tech Mahindra Ltd. | E17: 5.19 | H17: ICICI Bank Ltd. | K17: 7.98 | N17: Tata Chemicals Ltd. | Q17: 3.77 | T17: Punjab National Bank | W17: 7.54 | Z17: State Bank of India | AC17: 5 | AF17: Housing Development Finance Corp Ltd. | AI17: 7.32 | AL17: Reliance Industries Ltd. | AO17: 8.79 | AR17: Housing Development Finance Corp Ltd. | AU17: 6.21 | AX17: Housing Development Finance Corp Ltd. | BA17: 7.37 | BD17: Reliance Industries Ltd. | BG17: 8.79 | BJ17: Government Treasury Bill | BM17: 4.51 | BP17: Maruti Suzuki India Ltd. | BS17: 4.48 | BV17: ICICI Bank Ltd. | BY17: 5.73 | CB17: Idea Cellular Ltd. | CE17: 3.56
B18: State Bank of India | E18: 5.08 | H18: Infosys Ltd. | K18: 5.8 | N18: The Ramco Cements Ltd. | Q18: 3.35 | T18: Axis Bank Ltd. | W18: 6.58 | Z18: The Ramco Cements Ltd. | AC18: 4.51 | AF18: ITC Ltd. | AI18: 5.45 | AL18: ITC Ltd. | AO18: 6.54 | AR18: ITC Ltd. | AU18: 4.62 | AX18: ITC Ltd. | BA18: 5.47 | BD18: ITC Ltd. | BG18: 6.55 | BJ18: Punjab National Bank | BM18: 3.72 | BP18: Kotak Mahindra Bank Ltd. | BS18: 3.41 | BV18: Piramal Enterprises Ltd. | BY18: 5.29 | CB18: JK Lakshmi Cement Ltd. | CE18: 3.33
B19: NTPC Ltd. | E19: 4.34 | H19: Kotak Mahindra Bank Ltd. | K19: 5.78 | N19: Aurobindo Pharma Ltd. | Q19: 3.34 | T19: Bank of Baroda | W19: 6.15 | Z19: Larsen & Toubro Ltd. | AC19: 4.4 | AF19: Infosys Ltd. | AI19: 5.39 | AL19: Infosys Ltd. | AO19: 6.51 | AR19: Infosys Ltd. | AU19: 4.61 | AX19: Infosys Ltd. | BA19: 5.43 | BD19: Infosys Ltd. | BG19: 6.5 | BJ19: Tata Power Company Ltd. | BM19: 3.66 | BP19: Ashok Leyland Ltd. | BS19: 3.07 | BV19: Sterlite Technologies Ltd. | BY19: 3.69 | CB19: Bharti Airtel Ltd. | CE19: 3.18
B20: Sun Pharmaceutical Ind Ltd. | E20: 4.33 | H20: Housing Development Finance Corp Ltd. | K20: 5.34 | N20: Petronet LNG Ltd. | Q20: 3.17 | T20: Bank of India | W20: 5.6 | Z20: KEC International Ltd. | AC20: 4.24 | AF20: ICICI Bank Ltd. | AI20: 5.3 | AL20: ICICI Bank Ltd. | AO20: 6.41 | AR20: ICICI Bank Ltd. | AU20: 4.49 | AX20: ICICI Bank Ltd. | BA20: 5.35 | BD20: ICICI Bank Ltd. | BG20: 6.4 | BJ20: Sun Pharmaceutical Ind Ltd. | BM20: 3.64 | BP20: Sterlite Technologies Ltd. | BS20: 2.91 | BV20: Power Grid Corporation of India Ltd. | BY20: 3.2 | CB20: Indian Oil Corporation Ltd. | CE20: 2.95
B21: Larsen & Toubro Ltd. | E21: 4.17 | H21: Larsen & Toubro Ltd. | K21: 4.44 | N21: Britannia Industries Ltd. | Q21: 3.12 | T21: City Union Bank Ltd. | W21: 5.23 | Z21: Sadbhav Engineering Ltd. | AC21: 4 | AF21: Larsen & Toubro Ltd. | AI21: 4.11 | AL21: Larsen & Toubro Ltd. | AO21: 4.89 | AR21: Larsen & Toubro Ltd. | AU21: 3.49 | AX21: Larsen & Toubro Ltd. | BA21: 4.13 | BD21: Larsen & Toubro Ltd. | BG21: 4.88 | BJ21: Tech Mahindra Ltd. | BM21: 3.3 | BP21: Vinati Organics Ltd. | BS21: 2.83 | BV21: State Bank of India | BY21: 3.18 | CB21: Punjab National Bank | CE21: 2.89
B22: Tata Power Company Ltd. | E22: 4.17 | H22: Motherson Sumi Systems Ltd. | K22: 4.37 | N22: Ashok Leyland Ltd. | Q22: 3.1 | T22: Canara Bank | W22: 4.61 | Z22: Petronet LNG Ltd. | AC22: 3.98 | AF22: Tata Consultancy Services Ltd. | AI22: 3.65 | AL22: Tata Consultancy Services Ltd. | AO22: 4.38 | AR22: Tata Consultancy Services Ltd. | AU22: 3.11 | AX22: Tata Consultancy Services Ltd. | BA22: 3.66 | BD22: Tata Consultancy Services Ltd. | BG22: 4.37 | BJ22: Bharti Airtel Ltd. | BM22: 2.91 | BP22: KEC International Ltd. | BS22: 2.8 | BV22: InterGlobe Aviation Ltd. | BY22: 2.96 | CB22: State Bank of India | CE22: 2.82
B23: Bharti Airtel Ltd. | E23: 3.75 | H23: Britannia Industries Ltd. | K23: 3.82 | N23: Vinati Organics Ltd. | Q23: 3.05 | T23: The South Indian Bank Ltd. | W23: 4.56 | Z23: City Union Bank Ltd. | AC23: 3.42 | AF23: Kotak Mahindra Bank Ltd. | AI23: 3.44 | AL23: Kotak Mahindra Bank Ltd. | AO23: 3.71 | AR23: Kotak Mahindra Bank Ltd. | AU23: 2.93 | AX23: Kotak Mahindra Bank Ltd. | BA23: 3.49 | BD23: Kotak Mahindra Bank Ltd. | BG23: 3.68 | BJ23: Tata Motors Ltd. | BM23: 2.65 | BP23: InterGlobe Aviation Ltd. | BS23: 2.78 | BV23: Kotak Mahindra Bank Ltd. | BY23: 2.76 | CB23: Bajaj Corp Ltd. | CE23: 2.67
B24: Tata Motors Ltd. | E24: 3.64 | H24: InterGlobe Aviation Ltd. | K24: 3.06 | N24: KEC International Ltd. | Q24: 3.04 | T24: HDFC Bank Ltd. | W24: 4.03 | Z24: SKF India Ltd. | AC24: 3.4 | AF24: Maruti Suzuki India Ltd. | AI24: 2.97 | AL24: Maruti Suzuki India Ltd. | AO24: 3.58 | AR24: Maruti Suzuki India Ltd. | AU24: 2.55 | AX24: Maruti Suzuki India Ltd. | BA24: 2.99 | BD24: Maruti Suzuki India Ltd. | BG24: 3.56 | BJ24: KPIT Technologies Ltd. | BM24: 2.6 | BP24: Tata Chemicals Ltd. | BS24: 2.75 | BV24: Britannia Industries Ltd. | BY24: 2.75 | CB24: Dabur India Ltd. | CE24: 2.61
B25: Others | E25: 50.59 | H25: Others | K25: 38.93 | N25: Others | Q25: 56.32 | T25: Others | W25: 31.15 | Z25: Others | AC25: 43.57 | AF25: Others | AI25: 44.74 | AL25: Others | AO25: 34.65 | AR25: Others | AU25: 53 | AX25: Others | BA25: 44.56 | BD25: Others | BG25: 34.76 | BJ25: Others | BM25: 49.77 | BP25: Others | BS25: 57.39 | BV25: Others | BY25: 47.58 | CB25: Others | CE25: 29.89
B26: Cash & Cash Equivalent: | E26: 2.9 | H26: Cash & Cash Equivalent: | K26: 2.15 | N26: Cash & Cash Equivalent: | Q26: 9.19 | T26: Cash & Cash Equivalent: | W26: 7.83 | Z26: Cash & Cash Equivalent: | AC26: 5.39 | AF26: Cash & Cash Equivalent: | AI26: 0.24 | AL26: Cash & Cash Equivalent: | AO26: 0.17 | AR26: Cash & Cash Equivalent: | AU26: 0.18 | AX26: Cash & Cash Equivalent: | BA26: 0.12 | BD26: Cash & Cash Equivalent: | BG26: 0.11 | BJ26: Cash & Cash Equivalent: | BM26: 10.63 | BP26: Cash & Cash Equivalent: | BS26: 5.76 | BV26: Cash & Cash Equivalent: | BY26: 3.92 | CB26: Cash & Cash Equivalent: | CE26: 38.5
B27: Grand Total | E27: =SUM(E15:F26) -> 100 | H27: Total | K27: =SUM(K15:L26) -> 100 | N27: Total | Q27: =SUM(Q15:R26) -> 100 | T27: Total | W27: =SUM(W15:X26) -> 100 | Z27: Grand Total | AA27: =SUM(#REF!) -> #REF! | AC27: =SUM(AC15:AD26) -> 100 | AF27: Total | AI27: =SUM(AI15:AJ26) -> 100 | AL27: Total | AO27: =SUM(AO15:AP26) -> 100 | AR27: Total | AU27: =SUM(AU15:AV26) -> 100 | AX27: Total | BA27: =SUM(BA15:BB26) -> 100 | BD27: Total | BG27: =SUM(BG15:BH26) -> 100 | BJ27: Total | BM27: =SUM(BM15:BN26) -> 100 | BP27: Total | BS27: =SUM(BS15:BT26) -> 100 | BV27: Total | BY27: =SUM(BY15:BZ26) -> 100 | CB27: Total | CE27: =SUM(CE15:CF26) -> 100
A29: Scheme Past Performance | B29: Regular (Growth) | E29: Direct (Growth) | H29: Regular (Growth) | K29: Direct (Growth) | N29: Regular (Growth) | Q29: Direct (Growth) | T29: Regular (Growth) | W29: Direct (Growth) | Z29: Regular (Growth) | AC29: Direct (Growth) | AF29: Regular (Growth) | AI29: Direct (Growth) | AL29: Regular (Growth) | AO29: Direct (Growth) | AR29: Regular (Growth) | AU29: Direct (Growth) | AX29: Regular (Growth) | BA29: Direct (Growth) | BD29: Regular (Growth) | BG29: Direct (Growth) | BJ29: Regular (Growth) | BM29: Direct (Growth) | BP29: Regular (Growth) | BS29: Direct (Growth) | BV29: Regular (Growth) | BY29: Direct (Growth) | CB29: Regular (Growth) | CE29: Direct (Growth)
B30: Scheme (%) | C30: Scheme Benchmark (%) | D30: Additional Benchmark (%) | E30: Scheme (%) | F30: Scheme Benchmark (%) | G30: Additional Benchmark (%) | H30: Scheme (%) | I30: Scheme Benchmark (%) | J30: Additional Benchmark (%) | K30: Scheme (%) | L30: Scheme Benchmark (%) | M30: Additional Benchmark (%) | N30: Scheme (%) | O30: Scheme Benchmark (%) | P30: Additional Benchmark (%) | Q30: Scheme (%) | R30: Scheme Benchmark (%) | S30: Additional Benchmark (%) | T30: Scheme (%) | U30: Scheme Benchmark (%) | V30: Additional Benchmark (%) | W30: Scheme (%) | X30: Scheme Benchmark (%) | Y30: Additional Benchmark (%) | Z30: Scheme (%) | AA30: Scheme Benchmark (%) | AB30: Additional Benchmark (%) | AC30: Scheme (%) | AD30: Scheme Benchmark (%) | AE30: Additional Benchmark (%) | AF30: Scheme (%) | AG30: Scheme Benchmark (%) | AH30: Additional Benchmark (%) | AI30: Scheme (%) | AJ30: Scheme Benchmark (%) | AK30: Additional Benchmark (%) | AL30: Scheme (%) | AM30: Scheme Benchmark (%) | AN30: Additional Benchmark (%) | AO30: Scheme (%) | AP30: Scheme Benchmark (%) | AQ30: Additional Benchmark (%) | AR30: Scheme (%) | AS30: Scheme Benchmark (%) | AT30: Additional Benchmark (%) | AU30: Scheme (%) | AV30: Scheme Benchmark (%) | AW30: Additional Benchmark (%) | AX30: Scheme (%) | AY30: Scheme Benchmark (%) | AZ30: Additional Benchmark (%) | BA30: Scheme (%) | BB30: Scheme Benchmark (%) | BC30: Additional Benchmark (%) | BD30: Scheme (%) | BE30: Scheme Benchmark (%) | BF30: Additional Benchmark (%) | BG30: Scheme (%) | BH30: Scheme Benchmark (%) | BI30: Additional Benchmark (%) | BJ30: Scheme (%) | BK30: Scheme Benchmark (%) | BL30: Additional Benchmark (%) | BM30: Scheme (%) | BN30: Scheme Benchmark (%) | BO30: Additional Benchmark (%) | BP30: Scheme (%) | BQ30: Scheme Benchmark (%) | BR30: Additional Benchmark (%) | BS30: Scheme (%) | BT30: Scheme Benchmark (%) | BU30: Additional Benchmark (%) | BV30: Scheme (%) | BW30: Scheme Benchmark (%) | BX30: Additional Benchmark (%) | BY30: Scheme (%) | BZ30: Scheme Benchmark (%) | CA30: Additional Benchmark (%) | CB30: Scheme (%) | CC30: Scheme Benchmark (%) | CD30: Additional Benchmark (%) | CE30: Scheme (%) | CF30: Scheme Benchmark (%) | CG30: Additional Benchmark (%)
A31: 1 year | B31: 20.57 | C31: 31.74 | D31: 30.46 | E31: 21.81 | F31: 31.74 | G31: 30.46 | H31: 22.18 | I31: 31.74 | J31: 30.46 | K31: 23.72 | L31: 31.74 | M31: 30.46 | N31: 29.94 | O31: 36.6 | P31: 30.46 | Q31: 32.27 | R31: 36.6 | S31: 30.46 | T31: 22.33 | U31: 39.78 | V31: 30.46 | W31: 24.5 | X31: 39.78 | Y31: 30.46 | Z31: 31.97 | AA31: 31.05 | AB31: 30.46 | AC31: 33.63 | AD31: 31.05 | AE31: 30.46 | AF31: 30.21 | AG31: 30.46 | AH31: 31.74 | AI31: - | AJ31: - | AK31: - | AL31: 31.7 | AM31: 31.74 | AN31: 30.46 | AO31: - | AP31: - | AQ31: - | AR31: 30.59 | AS31: 30.92 | AT31: 30.46 | AU31: - | AV31: - | AW31: - | AX31: 28.7 | AY31: 30.46 | AZ31: 31.74 | BA31: 29.34 | BB31: 30.46 | BC31: 31.74 | BD31: 29.5 | BE31: 31.74 | BF31: 30.46 | BG31: 30.18 | BH31: 31.74 | BI31: 30.46 | BJ31: 16.12 | BK31: 21.04 | BL31: 30.46 | BM31: 17.71 | BN31: 21.04 | BO31: 30.46 | BP31: 28.69 | BQ31: 31.74 | BR31: 30.46 | BS31: 30.38 | BT31: 31.74 | BU31: 30.46 | BV31: 22.59 | BW31: 21.04 | BX31: 30.46 | BY31: 24.15 | BZ31: 21.04 | CA31: 30.46 | CB31: 9.16 | CC31: 21.04 | CD31: 30.46 | CE31: 10.09 | CF31: 21.04 | CG31: 30.46
A32: 3 Years | B32: 4.38 | C32: 8.7 | D32: 9.09 | E32: 5.14 | F32: 8.7 | G32: 9.09 | H32: 6.55 | I32: 8.7 | J32: 9.09 | K32: 7.63 | L32: 8.7 | M32: 9.09 | N32: NA | O32: NA | P32: NA | Q32: NA | R32: NA | S32: NA | T32: NA | U32: NA | V32: NA | W32: NA | X32: NA | Y32: NA | Z32: 7.37 | AA32: 10.11 | AB32: 9.09 | AC32: 8.68 | AD32: 10.11 | AE32: 9.09 | AF32: NA | AG32: NA | AH32: NA | AI32: - | AJ32: - | AK32: - | AL32: NA | AM32: NA | AN32: NA | AO32: - | AP32: - | AQ32: - | AR32: NA | AS32: NA | AT32: NA | AU32: - | AV32: - | AW32: - | AX32: 7.63 | AY32: 9.09 | AZ32: 8.7 | BA32: 8.19 | BB32: 9.09 | BC32: 8.7 | BD32: 6.8 | BE32: 8.7 | BF32: 9.09 | BG32: 7.39 | BH32: 8.7 | BI32: 9.09 | BJ32: 4.71 | BK32: 10.27 | BL32: 9.09 | BM32: 5.72 | BN32: 10.27 | BO32: 9.09 | BP32: 8.78 | BQ32: 8.7 | BR32: 9.09 | BS32: 9.7 | BT32: 8.7 | BU32: 9.09 | BV32: 6.42 | BW32: 10.27 | BX32: 9.09 | BY32: 7.42 | BZ32: 10.27 | CA32: 9.09 | CB32: 6.07 | CC32: 10.27 | CD32: 9.09 | CE32: 7.11 | CF32: 10.27 | CG32: 9.09
A33: 5 years | B33: 11.86 | C33: 14.21 | D33: 14.18 | E33: 12.6 | F33: 14.21 | G33: 14.18 | H33: 13.79 | I33: 14.21 | J33: 14.18 | K33: 14.76 | L33: 14.21 | M33: 14.18 | N33: NA | O33: NA | P33: NA | Q33: NA | R33: NA | S33: NA | T33: NA | U33: NA | V33: NA | W33: NA | X33: NA | Y33: NA | Z33: 13.27 | AA33: 15 | AB33: 14.18 | AC33: 14.36 | AD33: 15 | AE33: 14.18 | AF33: NA | AG33: NA | AH33: NA | AI33: - | AJ33: - | AK33: - | AL33: NA | AM33: NA | AN33: NA | AO33: - | AP33: - | AQ33: - | AR33: NA | AS33: NA | AT33: NA | AU33: - | AV33: - | AW33: - | AX33: 12.64 | AY33: 14.18 | AZ33: 14.21 | BA33: 13.22 | BB33: 14.18 | BC33: 14.21 | BD33: 12.26 | BE33: 14.21 | BF33: 14.18 | BG33: 12.86 | BH33: 14.21 | BI33: 14.18 | BJ33: 11.03 | BK33: 13.53 | BL33: 14.18 | BM33: 11.94 | BN33: 13.53 | BO33: 14.18 | BP33: 16.57 | BQ33: 14.21 | BR33: 14.18 | BS33: 17.62 | BT33: 14.21 | BU33: 14.18 | BV33: 11.52 | BW33: 13.53 | BX33: 14.18 | BY33: NA | BZ33: NA | CA33: NA | CB33: 11.2 | CC33: 13.53 | CD33: 14.18 | CE33: 12.24 | CF33: 13.53 | CG33: 14.18
A34: Since Inception | B34: 6.57 | C34: 12.42 | D34: 13.13 | E34: 12.54 | F34: 14.18 | G34: 14.1 | H34: 4.1 | I34: 9.94 | J34: 10.52 | K34: 14.57 | L34: 14.18 | M34: 14.1 | N34: 15.01 | O34: 18.72 | P34: 9.49 | Q34: 16.32 | R34: 18.72 | S34: 9.49 | T34: 7.67 | U34: 16.32 | V34: 11.64 | W34: 8.7 | X34: 16.32 | Y34: 11.64 | Z34: 4.59 | AA34: 11.19 | AB34: 10.53 | AC34: 13.91 | AD34: 14.82 | AE34: 14.1 | AF34: 17.72 | AG34: 18.06 | AH34: 17.64 | AI34: - | AJ34: - | AK34: - | AL34: 17.24 | AM34: 17.3 | AN34: 17.77 | AO34: - | AP34: - | AQ34: - | AR34: 25.21 | AS34: 25.72 | AT34: 24.27 | AU34: - | AV34: - | AW34: - | AX34: 13.37 | AY34: 18.43 | AZ34: 18.41 | BA34: 13.27 | BB34: 14.1 | BC34: 14.18 | BD34: 14.06 | BE34: 18.41 | BF34: 18.43 | BG34: 12.98 | BH34: 14.18 | BI34: 14.1 | BJ34: 8.93 | BK34: NA | BL34: 14.88 | BM34: 11.73 | BN34: 13.31 | BO34: 14.05 | BP34: 9.45 | BQ34: 12.86 | BR34: 13.76 | BS34: 17.72 | BT34: 14.18 | BU34: 14.1 | BV34: 9.82 | BW34: NA | BX34: NA | BY34: 13.56 | BZ34: 14.63 | CA34: 15.67 | CB34: 3.55 | CC34: NA | CD34: 17.51 | CE34: 11.94 | CF34: 13.43 | CG34: 14.18
A35: Benchmark Index | C35: S&P BSE Sensex | D35: Nifty 50 | F35: S&P BSE Sensex | G35: Nifty 50 | I35: S&P BSE Sensex | J35: Nifty 50 | L35: S&P BSE Sensex | M35: Nifty 50 | O35: Nifty Free Float Midcap 100 | P35: Nifty 50 | R35: Nifty Free Float Midcap 100 | S35: Nifty 50 | U35: S&P BSE Bankex | V35: Nifty 50 | X35: S&P BSE Bankex | Y35: Nifty 50 | AA35: S&P BSE 100 | AB35: Nifty 50 | AD35: S&P BSE 100 | AE35: Nifty 50 | AG35: Nifty 50 | AH35: S&P BSE Sensex | AJ35: Nifty 50 | AK35: S&P BSE Sensex | AM35: S&P BSE Sensex | AN35: Nifty 50 | AP35: S&P BSE Sensex | AQ35: Nifty 50 | AS35: Nifty 100 | AT35: Nifty 50 | AV35: Nifty 100 | AW35: Nifty 50 | AY35: Nifty 50 | AZ35: S&P BSE Sensex | BB35: Nifty 50 | BC35: S&P BSE Sensex | BE35: S&P BSE Sensex | BF35: Nifty 50 | BH35: S&P BSE Sensex | BI35: Nifty 50 | BK35: CRISIL Hybrid 35+65 - Aggressive Index | BL35: Nifty 50 | BN35: CRISIL Hybrid 35+65 - Aggressive Index | BO35: Nifty 50 | BQ35: S&P BSE Sensex | BR35: Nifty 50 | BT35: S&P BSE Sensex | BU35: Nifty 50 | BW35: CRISIL Hybrid 35+65 - Aggressive Index | BX35: Nifty 50 | BZ35: CRISIL Hybrid 35+65 - Aggressive Index | CA35: Nifty 50 | CC35: CRISIL Hybrid 35+65 - Aggressive Index | CD35: Nifty 50 | CF35: CRISIL Hybrid 35+65 - Aggressive Index | CG35: Nifty 50
A36: NAV/ Index Value | B36: 48.4578 | C36: 35965.02 | D36: 11027.7 | E36: 50.0832 | F36: =C36 -> 35965.02 | G36: =D36 -> 11027.7 | H36: 25.6661 | I36: =C36 -> 35965.02 | J36: =D36 -> 11027.7 | K36: 26.7892 | L36: =C36 -> 35965.02 | M36: =D36 -> 11027.7 | N36: 15.0735 | O36: 20785.2 | P36: =D36 -> 11027.7 | Q36: 15.5831 | R36: =O36 -> 20785.2 | S36: =D36 -> 11027.7 | T36: 12.3459 | U36: 30986.13 | V36: =D36 -> 11027.7 | W36: 12.6859 | X36: =U36 -> 30986.13 | Y36: =D36 -> 11027.7 | Z36: 15.5659 | AA36: 11419.07 | AB36: =D36 -> 11027.7 | AC36: 16.3336 | AD36: =AA36 -> 11419.07 | AE36: =D36 -> 11027.7 | AF36: 112.4942 | AG36: =D36 -> 11027.7 | AI36: - | AJ36: =D36 -> 11027.7 | AL36: 369.4011 | AM36: =C36 -> 35965.02 | AN36: =D36 -> 11027.7 | AO36: - | AP36: =C36 -> 35965.02 | AQ36: =D36 -> 11027.7 | AR36: 115.9214 | AS36: 11393.55 | AT36: =D36 -> 11027.7 | AU36: - | AV36: =AS36 -> 11393.55 | AW36: =D36 -> 11027.7 | AX36: 60.8809 | AY36: =D36 -> 11027.7 | BA36: 62.4788 | BB36: =D36 -> 11027.7 | BD36: 66.6809 | BE36: =C36 -> 35965.02 | BF36: =D36 -> 11027.7 | BG36: 68.5053 | BH36: =C36 -> 35965.02 | BI36: =D36 -> 11027.7 | BJ36: 101.4787 | BK36: 8942.315 | BL36: =D36 -> 11027.7 | BM36: 105.7476 | BN36: =BK36 -> 8942.315 | BO36: =D36 -> 11027.7 | BP36: 65.6669 | BQ36: =C36 -> 35965.02 | BR36: =D36 -> 11027.7 | BS36: 68.7364 | BT36: =C36 -> 35965.02 | BU36: =D36 -> 11027.7 | BV36: 18.0711 | BW36: =BK36 -> 8942.315 | BX36: =D36 -> 11027.7 | BY36: 18.712 | BZ36: =BK36 -> 8942.315 | CA36: =D36 -> 11027.7 | CB36: 17.613 | CC36: =BK36 -> 8942.315 | CD36: =D36 -> 11027.7 | CE36: 18.4599 | CF36: =BK36 -> 8942.315 | CG36: =D36 -> 11027.7
A38: Disclaimer :
A39: Mutual Fund Investments are subject to market risks, read all scheme related documents carefully.
AO40: `
A41: Notes:
A42: 1) All scheme returns are for growth option except for LIC MF ULIS where the scheme has only dividend reinvestment option
A43: 2) AUM, Portfolio and scheme performance data is as on 31/01/2018
A44: 3) Expense ratio is Year to date for the respective month
A45: 4)The performance of the scheme is benchmarked to the Total Return variant of the Index

Sheet Equity Close Ended
A1: Dashboard as on 31/01/2018
A2: Scheme Name | B2: LIC MF RGESS 3
A4: Date of Allotment | B4: 05.02.2015
A6: AUM (in Rs. crore) | B6: 39.23
A8: Investment Objective | B8: The primary investment objective of the Scheme is to generate capital appreciation, from a portfolio that is substantially constituted of equity securities which are specified as eligible securities for Rajiv Gandhi Equity Savings Scheme (RGESS). The Scheme may also invest a certain portion of its corpus in cash & cash equivalent and money market instruments from time to time.
A10: Expense Ratio
A11: Regular | B11: 0.025
A12: Direct | B12: 0.0247
A14: Portfolio (Top 10 Holdings) | B14: Name of the issuer | E14: % of Scheme
B15: ICICI Bank Ltd. | E15: 3.74
B16: Tata Motors Ltd. | E16: 3.38
B17: State Bank of India | E17: 1.98
B18: Tech Mahindra Ltd. | E18: 1.93
B19: Aurobindo Pharma Ltd. | E19: 1.38
B20: Bharti Airtel Ltd. | E20: 1.38
B21: Cummins India Ltd. | E21: 1.31
B22: Punjab National Bank | E22: 1.2
B23: Bank of India | E23: 1.02
B24: Larsen & Toubro Ltd. | E24: 0.72
B25: Others | E25: 0.96
B26: Cash & Cash Equivalent: | E26: 81
B27: Total | E27: =SUM(E15:F26) -> 100
A29: Scheme Past Performance | B29: Regular (Growth) | E29: Direct (Growth)
B30: Scheme | C30: Scheme Benchmark | D30: Additional Benchmark | E30: Scheme | F30: Scheme Benchmark | G30: Additional Benchmark
A31: 1 year | B31: 19.27 | C31: 31.05 | D31: 30.46 | E31: 19.31 | F31: 31.05 | G31: 30.46
A32: 3 Years | B32: NA | C32: NA | D32: NA | E32: NA | F32: NA | G32: NA
A33: 5 years | B33: NA | C33: NA | D33: NA | E33: NA | F33: NA | G33: NA
A34: Since Inception | B34: 5.29 | C34: 10.64 | D34: 9.55 | E34: 5.33 | F34: 10.64 | G34: 9.55
A35: Benchmark Index | C35: S & P BSE 100 Index | D35: Nifty 50 | F35: S & P BSE 100 Index | G35: Nifty 50
A36: NAV/ Index Value | B36: 11.6665 | C36: ='Equity Open Ended '!C36 -> 35965.02 | D36: ='Equity Open Ended '!D36 -> 11027.7 | E36: 11.678 | F36: =C36 -> 35965.02 | G36: =D36 -> 11027.7
A38: Disclaimer :
A39: Mutual Fund Investments are subject to market risks, read all scheme related documents carefully.
A41: Notes:
A42: 1) All scheme returns are for growth option
A43: 2) AUM, Portfolio and scheme performance data is as on 31/01/2018
A44: 3) Expense ratio is Year to date for the respective month
A45: 4)The performance of the scheme is benchmarked to the Total Return variant of the Index

Sheet Debt Open Ended 
A1: Dashboard as on 31/01/2018
A2: Scheme Name | B2: LIC MF Liquid Fund | H2: LIC MF Savings Plus | N2: LIC MF Income Plus | T2: LIC MF Govt. Securities Fund | Z2: LIC MF Bond Fund | AF2: LIC MF Monthly Income Plan | AL2: LIC MF G-Sec Long Term ETF
A4: Date of Allotment | B4: 18.03.2002 | H4: 09.06.2003 | N4: 31.05.2007 | T4: 10.12.1999 | Z4: 23.06.1999 | AF4: 01.06.1998 | AL4: 24.12.2014
A6: AUM (in Rs. crore) | B6: 14557.06 | H6: 2373.92 | N6: 228.95 | T6: 79.17 | Z6: 380.47 | AF6: 109.86 | AL6: 70.5
A8: Investment Objective | B8: An open ended scheme which seeks to generate reasonable returns with low risk and high liquidity through judicious mix of investment in money market instruments and quality debt instruments. | H8: The investment objective of the Scheme is to generate income by investing in a portfolio of quality short term debt securities. | N8: An open ended debt scheme which seeks to provide reasonable possible current income consistent with preservation of capital and providing liquidity from investing in a diversified portfolio of short term money market and debt securities. | T8: The primary objective of the scheme is to generate credit risk free and reasonable returns for its investors through investments in sovereign securities issued by the central and /or state Government and /or any security unconditionally guaranteed by the central/ state government for repayment of Principal and interest and/or reverse repos in such securities as and when permitted by RBI. | Z8: An open-ended Debt Scheme, will endeavor to generate an attractive return for its investors by investing in a portfolio of quality debt securities and money market instruments. | AF8: The investment objective of the Scheme is to generate regular income by investing mainly in a portfolio of quality debt securities and money market instruments. It also seeks to generate capital appreciation by investing some percentage in a mix of equity instruments. | AL8: The investment objective of the scheme is to provide returns that closely correspond to the total returns of securities as represented by GSEC10 NSE Index, subject to tracking errors. However there is no assurance that the investment objective of the scheme will be achieved.
A10: Expense Ratio
A11: Regular | B11: 0.0023 | H11: 0.008 | N11: 0.0112 | T11: 0.0241 | Z11: 0.0106 | AF11: 0.0252 | AL11: 0.0025
A12: Direct | B12: 0.0009 | H12: 0.0026 | N12: 0.0047 | T12: 0.015 | Z12: 0.0056 | AF12: 0.0167 | AL12: -
A14: Portfolio (Top 10 Holdings) | B14: Name of the issuer | E14: % of Scheme | H14: Name of the issuer | K14: % of Scheme | N14: Name of the issuer | Q14: % of Scheme | T14: Name of the issuer | W14: % of Scheme | Z14: Name of the issuer | AC14: % of Scheme | AF14: Name of the issuer | AI14: % of Scheme | AL14: Name of the issuer | AO14: % of Scheme
B15: Axis Bank Ltd. | E15: 8.6 | H15: Edelweiss Commodities Services Ltd. | I15: 8.33 | K15: 8.33 | N15: Government Treasury Bill | Q15: 57.14 | T15: 6.68% GOI (MD 17/09/2031) | W15: 32.39 | Z15: Government Bond | AC15: 36.91 | AF15: State Bank of India | AI15: 9.84 | AL15: 6.79% GOI (MD 15/05/2027) | AO15: 49.53
B16: National Bk for Agriculture & Rural Dev. | E16: 6.55 | H16: Adani Enterprises Ltd. | I16: 7.28 | K16: 7.28 | N16: Indiabulls Housing Finance Ltd. | Q16: 8.83 | T16: 7.35% GOI (MD 22/06/2024) | W16: 18.78 | Z16: State Government Bond | AC16: 12.89 | AF16: Housing & Urban Development Corp Ltd. | AI16: 9.09 | AL16: 6.79% GOI (MD 26/12/2029) | AO16: 16.96
B17: Edelweiss Commodities Services Ltd. | E17: 5.02 | H17: Axis Bank Ltd. | I17: 7.17 | K17: 7.17 | N17: Dewan Housing Finance Corporation Ltd. | Q17: 8.79 | T17: 7.61% GOI(MD 09/05/2030) | W17: 9.97 | Z17: National Highways Authority of India | AC17: 9.05 | AF17: Indian Railway Finance Corporation Ltd. | AI17: 9.07 | AL17: 6.97% GOI (MD 06/09/2026) | AO17: 10.72
B18: HDFC Bank Ltd. | E18: 4.83 | H18: Cholamandalam Investment & Fin Co Ltd. | I18: 6.92 | K18: 6.92 | N18: Government Bond | Q18: 8 | T18: 7.52% Gujarat SDL (MD 24/05/2027) | W18: 12.2 | Z18: L&T Infra Debt Fund Ltd. | AC18: 6.66 | AF18: Rural Electrification Corporation Ltd. | AI18: 9.06 | AL18: 8.28% GOI (M/D 21/09/2027) | AO18: 10.67
B19: Housing Development Finance Corp Ltd. | E19: 4.78 | H19: Dewan Housing Finance Corporation Ltd. | I19: 6.57 | K19: 6.57 | N19: State Bank of India | Q19: 4.43 | Z19: India Infradebt Ltd. | AC19: 6.62 | AF19: Housing Development Finance Corp Ltd. | AI19: 9.05 | AL19: 8.15% GOI (MD 24/11/2026) | AO19: 10.49
B20: Government Treasury Bill | E20: 4.42 | H20: IndusInd Bank Ltd. | I20: 6.16 | K20: 6.16 | N20: Cholamandalam Investment & Fin Co Ltd. | Q20: 4.37 | Z20: Indian Railway Finance Corporation Ltd. | AC20: 6.49 | AF20: Government Treasury Bill | AI20: 9.03
B21: IL & FS Financial Services Ltd. | E21: 4.1 | H21: Shapoorji Pallonji and Company Pvt. Ltd. | I21: 5.97 | K21: 5.97 | N21: Housing & Urban Development Corp Ltd. | Q21: 2.18 | Z21: National Bk for Agriculture & Rural Dev. | AC21: 6.47 | AF21: Government Bond | AI21: 5.59
B22: IDFC Bank Ltd. | E22: 4.09 | H22: Indiabulls Housing Finance Ltd. | I22: 5.42 | K22: 5.42 | N22: Tata Capital Housing Finance Ltd. | Q22: 0.04 | Z22: Rural Electrification Corporation Ltd. | AC22: 6.39 | AF22: Power Finance Corporation Ltd. | AI22: 4.52
B23: Adani Enterprises Ltd. | E23: 3.62 | H23: Housing Development Finance Corp Ltd. | I23: 4.12 | K23: 4.12 | Z23: State Bank of India | AC23: 4 | AF23: SREI Equipment Finance Ltd. | AI23: 2.75
B24: Housing & Urban Development Corp Ltd. | E24: 3.46 | H24: IDFC Bank Ltd. | I24: 4.12 | K24: 4.12 | AF24: KPIT Technologies Ltd. | AI24: 1.59
B25: Others | E25: 48.63 | H25: Others | I25: 36.34 | K25: 36.34 | N25: Others | Q25: 0 | T25: Others | W25: 0 | Z25: Others | AC25: 0 | AF25: Others | AI25: 16.51 | AL25: Others
B26: Cash & Cash Equivalent: | E26: 1.9 | H26: Cash & Cash Equivalent: | I26: 1.6 | K26: 1.6 | N26: Cash & Cash Equivalent: | Q26: 6.22 | T26: Cash & Cash Equivalent: | W26: 26.66 | Z26: Cash & Cash Equivalent: | AC26: 4.52 | AF26: Cash & Cash Equivalent: | AI26: 13.9 | AL26: Cash & Cash Equivalent: | AO26: 1.63
B27: Total | E27: =SUM(E15:F26) -> 100 | H27: Total | K27: =SUM(K15:L26) -> 100 | N27: Total | Q27: =SUM(Q15:R26) -> 100 | T27: Total | W27: =SUM(W15:X26) -> 100 | Z27: Total | AC27: =SUM(AC15:AD26) -> 100 | AF27: Total | AI27: =SUM(AI15:AJ26) -> 100 | AL27: Total | AO27: =SUM(AO15:AP26) -> 100
A29: Scheme Past Performance | B29: Regular (Growth) | E29: Direct (Growth) | H29: Regular (Growth) | K29: Direct (Growth) | N29: Regular (Growth) | Q29: Direct (Growth) | T29: Regular (Growth) | W29: Direct (Growth) | Z29: Regular (Growth) | AC29: Direct (Growth) | AF29: Regular (Growth) | AI29: Direct (Growth) | AL29: Regular (Growth) | AO29: Direct (Growth)
B30: Scheme (%) | C30: Scheme Benchmark (%) | D30: Additional Benchmark (%) | E30: Scheme (%) | F30: Scheme Benchmark (%) | G30: Additional Benchmark (%) | H30: Scheme (%) | I30: Scheme Benchmark (%) | J30: Additional Benchmark (%) | K30: Scheme (%) | L30: Scheme Benchmark (%) | M30: Additional Benchmark (%) | N30: Scheme (%) | O30: Scheme Benchmark (%) | P30: Additional Benchmark (%) | Q30: Scheme (%) | R30: Scheme Benchmark (%) | S30: Additional Benchmark (%) | T30: Scheme (%) | U30: Scheme Benchmark (%) | V30: Additional Benchmark (%) | W30: Scheme (%) | X30: Scheme Benchmark (%) | Y30: Additional Benchmark (%) | Z30: Scheme (%) | AA30: Scheme Benchmark (%) | AB30: Additional Benchmark (%) | AC30: Scheme (%) | AD30: Scheme Benchmark (%) | AE30: Additional Benchmark (%) | AF30: Scheme (%) | AG30: Scheme Benchmark (%) | AH30: Additional Benchmark (%) | AI30: Scheme (%) | AJ30: Scheme Benchmark (%) | AK30: Additional Benchmark (%) | AL30: Scheme (%) | AM30: Scheme Benchmark (%) | AN30: Additional Benchmark (%) | AO30: Scheme (%) | AP30: Scheme Benchmark (%) | AQ30: Additional Benchmark (%)
A31: 1 year | B31: 6.6 | C31: 6.68 | D31: 5.65 | E31: 6.75 | F31: 6.68 | G31: 5.65 | H31: 6.26 | I31: 6.68 | J31: 5.65 | K31: 6.99 | L31: 6.68 | M31: 5.65 | N31: 5.8 | O31: 6.68 | P31: 5.65 | Q31: 6.51 | R31: 6.68 | S31: 5.65 | T31: -0.87 | U31: 2.73 | V31: -2.43 | W31: 0.01 | X31: 2.73 | Y31: -2.43 | Z31: 1.14 | AA31: 3.17 | AB31: -2.43 | AC31: 1.64 | AD31: 3.17 | AE31: -2.43 | AF31: 5.3 | AG31: 7.08 | AH31: -2.43 | AI31: 6.2 | AJ31: 7.08 | AK31: -2.43 | AL31: -1.15 | AM31: -0.75 | AN31: -2.43 | AO31: - | AP31: - | AQ31: -
A32: 3 Years | B32: 7.45 | C32: 7.39 | D32: 6.97 | E32: 7.58 | F32: 7.39 | G32: 6.97 | H32: 7.35 | I32: 7.39 | J32: 6.97 | K32: 8.2 | L32: 7.39 | M32: 6.97 | N32: 6.62 | O32: 7.39 | P32: 6.97 | Q32: 7.3 | R32: 7.39 | S32: 6.97 | T32: 5.26 | U32: 7.73 | V32: 6.24 | W32: 6.28 | X32: 7.73 | Y32: 6.24 | Z32: 5.79 | AA32: 7.97 | AB32: 6.24 | AC32: 6.31 | AD32: 7.97 | AE32: 6.24 | AF32: 6.28 | AG32: 8.57 | AH32: 6.24 | AI32: 7.17 | AJ32: 8.57 | AK32: 6.24 | AL32: 6.49 | AM32: 6.83 | AN32: 6.24 | AO32: - | AP32: - | AQ32: -
A33: 5 years | B33: 8.1 | C33: 8.1 | D33: 7.05 | E33: 8.2 | F33: 8.1 | G33: 7.05 | H33: 7.82 | I33: 8.1 | J33: 7.05 | K33: 8.64 | L33: 8.1 | M33: 7.05 | N33: 7.11 | O33: 8.1 | P33: 7.05 | Q33: 7.88 | R33: 8.1 | S33: 7.05 | T33: 6.51 | U33: 8.51 | V33: 6.36 | W33: 7.38 | X33: 8.51 | Y33: 6.36 | Z33: 7 | AA33: 8.5 | AB33: 6.36 | AC33: 7.56 | AD33: 8.5 | AE33: 6.36 | AF33: 7.96 | AG33: 9.72 | AH33: 6.36 | AI33: 8.73 | AJ33: 9.72 | AK33: 6.36 | AL33: NA | AM33: NA | AN33: NA | AO33: - | AP33: - | AQ33: -
A34: Since Inception | B34: 7.38 | C34: NA | D34: 5.96 | E34: 8.21 | F34: 8.09 | G34: 7.11 | H34: 6.8 | I34: 6.86 | J34: 5.91 | K34: 8.64 | L34: 8.09 | M34: 7.09 | N34: 7.44 | O34: 7.48 | P34: 6.4 | Q34: 7.88 | R34: 8.09 | S34: 7.08 | T34: 7.31 | U34: NA | V34: NA | W34: 7.36 | X34: 8.62 | Y34: 6.5 | Z34: 8.48 | AA34: NA | AB34: NA | AC34: 7.57 | AD34: 8.52 | AE34: 6.5 | AF34: 8.75 | AG34: NA | AH34: NA | AI34: 8.72 | AJ34: 9.66 | AK34: 6.36 | AL34: 7.23 | AM34: 7.56 | AN34: 6.88 | AO34: - | AP34: - | AQ34: -
A35: Benchmark Index | C35: Crisil Liquid Fund Index | D35: Crisil 1 Year T-Bill Index | F35: Crisil Liquid Fund Index | G35: Crisil 1 Year T-Bill Index | I35: Crisil Liquid Fund Index | J35: Crisil 1 Year T-Bill Index | L35: Crisil Liquid Fund Index | M35: Crisil 1 Year T-Bill Index | O35: Crisil Liquid Fund Index | P35: Crisil 1 Year T-Bill Index | R35: Crisil Liquid Fund Index | S35: Crisil 1 Year T-Bill Index | U35: I-Sec Composite Index | V35: Crisil 10 Year Gilt Index | X35: I-Sec Composite Index | Y35: Crisil 10 Year Gilt Index | AA35: Crisil Composite Bond Fund Index | AB35: Crisil 10 Year Gilt Index | AD35: Crisil Composite Bond Fund Index | AE35: Crisil 10 Year Gilt Index | AG35: Crisil Hybrid 85+15 - Conservative Index | AH35: Crisil 10 Year Gilt Index | AJ35: Crisil Hybrid 85+15 - Conservative Index | AK35: Crisil 10 Year Gilt Index | AM35: Nifty 8-13 yr G-Sec | AN35: Crisil 10 Year Gilt Index | AP35: Nifty 8-13 yr G-Sec | AQ35: Crisil 10 Year Gilt Index
A36: NAV/ Index Value | B36: 3099.4484 | C36: 2834.183 | D36: 4991.8244 | E36: 3114.2938 | F36: =C36 -> 2834.183 | G36: =D36 -> 4991.8244 | H36: 26.224 | I36: =C36 -> 2834.183 | J36: =D36 -> 4991.8244 | K36: 27.2499 | L36: =C36 -> 2834.183 | M36: =D36 -> 4991.8244 | N36: 21.5172 | O36: =C36 -> 2834.183 | P36: =D36 -> 4991.8244 | Q36: 22.2991 | R36: =C36 -> 2834.183 | S36: =D36 -> 4991.8244 | T36: 36.0167 | U36: 9183.07 | V36: 3125.1248 | W36: 37.5201 | X36: =U36 -> 9183.07 | Y36: =V36 -> 3125.1248 | Z36: 45.5385 | AA36: 2921.903 | AB36: =V36 -> 3125.1248 | AC36: 46.7383 | AD36: =AA36 -> 2921.903 | AE36: =V36 -> 3125.1248 | AF36: 52.1383 | AG36: 3893.0426 | AH36: =V36 -> 3125.1248 | AI36: 54.0408 | AJ36: =AG36 -> 3893.0426 | AK36: =V36 -> 3125.1248 | AL36: 16.6566 | AM36: 1682.85 | AN36: =V36 -> 3125.1248 | AO36: - | AP36: =AM36 -> 1682.85 | AQ36: =V36 -> 3125.1248
A38: Disclaimer :
A39: Mutual Fund Investments are subject to market risks, read all scheme related documents carefully.
A41: Notes:
A42: 1) All scheme returns are for growth option
A43: 2) AUM, Portfolio and scheme performance data is as on 31/01/2018
A44: 3) Expense ratio is Year to date for the respective month
A45: 4)The performance of the scheme is benchmarked to the Total Return variant of the Index

Sheet Debt Close Ended
A1: Dashboard as on 31/01/2018
A2: Scheme Name | B2: LIC MF CPOF 2 | H2: LIC MF Dual Advantage Fixed Term Plan 1 | N2: LIC MF Dual Advantage Fixed Term Plan 2 | T2: LIC MF Dual Advantage Fixed Term Plan 3
A4: Date of Allotment | B4: 20.01.2014 | H4: 13.07.2015 | N4: 05.10.2015 | T4: 19.11.2015
A6: AUM (in Rs. crore) | B6: 19.51 | H6: 53.72 | N6: 33.6 | T6: 25.35
A8: Investment Objective | B8: A Close ended Capital Protection Oriented scheme seeks to provide capital appreciation linked to equity market with downside protection at the end of tenure. | H8: A Close ended Income Scheme. The primary investment objective of the scheme is to generate returns and seek capital appreciation by investing in a portfolio of debt, equity and money market securities. The schemes seek to invest a portion of the portfolio in equity & equity related securities to achieve capital appreciation. As far as investments in debt and money market securities are concerned, the scheme will invest only in securities which mature on or before the date of maturity of the schemes. | N8: A Close ended Income Scheme. The primary investment objective of the scheme is to generate returns and seek capital appreciation by investing in a portfolio of debt, equity and money market securities. The schemes seek to invest a portion of the portfolio in equity & equity related securities to achieve capital appreciation. As far as investments in debt and money market securities are concerned, the scheme will invest only in securities which mature on or before the date of maturity of the schemes. | T8: A Close ended Income Scheme. The primary investment objective of the scheme is to generate returns and seek capital appreciation by investing in a portfolio of debt, equity and money market securities. The schemes seek to invest a portion of the portfolio in equity & equity related securities to achieve capital appreciation. As far as investments in debt and money market securities are concerned, the scheme will invest only in securities which mature on or before the date of maturity of the schemes.
A10: Expense Ratio
A11: Regular | B11: 0.0225 | H11: 0.0225 | N11: 0.0225 | T11: 0.0225
A12: Direct | B12: 0.0175 | H12: 0.0108 | N12: 0.0122 | T12: 0.0123
A14: Portfolio (Top 10 Holdings) | B14: Name of the issuer | E14: % of Scheme | H14: Name of the issuer | K14: % of Scheme | N14: Name of the issuer | Q14: % of Scheme | T14: Name of the issuer | W14: % of Scheme
B15: Punjab National Bank | E15: 0.88 | H15: Dewan Housing Finance Corporation Ltd. | K15: 15.24 | N15: Reliance Capital Ltd. | Q15: 14.69 | T15: Small Industries Development Bk of India | W15: 11.09
B16: Bank of India | E16: 0.78 | H16: Indiabulls Housing Finance Ltd. | K16: 12.21 | N16: Tata Motors Finance Ltd. | Q16: 14.53 | T16: Indian Railway Finance Corporation Ltd. | W16: 7.96
B17: ICICI Bank Ltd. | E17: 0.75 | H17: L&T Infrastructure Finance Co. Ltd. | K17: 12.18 | N17: NTPC Ltd. | Q17: 10.85 | T17: Tata Capital Housing Finance Ltd. | W17: 7.56
B18: VIP Industries Ltd. | E18: 0.69 | H18: Rural Electrification Corporation Ltd. | K18: 9.46 | N18: Power Finance Corporation Ltd. | Q18: 10.62 | T18: NTPC Ltd. | W18: 6.38
B19: Axis Bank Ltd. | E19: 0.63 | H19: Power Finance Corporation Ltd. | K19: 7.94 | N19: Indian Railway Finance Corporation Ltd. | Q19: 9.01 | T19: Power Finance Corporation Ltd. | W19: 6.03
B20: Persistent Systems Ltd. | E20: 0.56 | H20: Bank of India | K20: 1.97 | N20: Bank of India | Q20: 2.02 | T20: Tata Motors Finance Ltd. | W20: 4.81
B21: Bajaj Auto Ltd. | E21: 0.51 | H21: Punjab National Bank | K21: 1.72 | N21: Punjab National Bank | Q21: 1.76 | T21: Reliance Capital Ltd. | W21: 4.28
B22: Britannia Industries Ltd. | E22: 0.48 | H22: ICICI Bank Ltd. | K22: 1.61 | N22: ICICI Bank Ltd. | Q22: 1.65 | T22: Bank of India | W22: 2.27
B23: Kaveri Seed Company Ltd. | E23: 0.48 | H23: The South Indian Bank Ltd. | K23: 1.43 | N23: The South Indian Bank Ltd. | Q23: 1.47 | T23: Punjab National Bank | W23: 1.98
B24: Infosys Ltd. | E24: 0.47 | H24: Persistent Systems Ltd. | K24: 1.4 | N24: Axis Bank Ltd. | Q24: 1.36 | T24: ICICI Bank Ltd. | W24: 1.85
B25: Others | E25: 2.44 | H25: Others | K25: 25.83 | N25: Others | Q25: 26.34 | T25: Others | W25: 32.3
B26: Cash & Cash Equivalent: | E26: 91.33 | H26: Cash & Cash Equivalent: | K26: 9.01 | N26: Cash & Cash Equivalent: | Q26: 5.7 | T26: Cash & Cash Equivalent: | W26: 13.49
B27: Total | E27: =SUM(E15:F26) -> 100 | H27: Total | K27: =SUM(K15:L26) -> 100 | N27: Total | Q27: =SUM(Q15:R26) -> 100 | T27: Total | W27: =SUM(W15:X26) -> 100
A29: Scheme Past Performance | B29: Regular (Growth) | E29: Direct (Growth) | H29: Regular (Growth) | K29: Direct (Growth) | N29: Regular (Growth) | Q29: Direct (Growth) | T29: Regular (Growth) | W29: Direct (Growth)
B30: Scheme (%) | C30: Scheme Benchmark (%) | D30: Additional Benchmark (%) | E30: Scheme (%) | F30: Scheme Benchmark (%) | G30: Additional Benchmark (%) | H30: Scheme (%) | I30: Scheme Benchmark (%) | J30: Additional Benchmark (%) | K30: Scheme (%) | L30: Scheme Benchmark (%) | M30: Additional Benchmark (%) | N30: Scheme (%) | O30: Scheme Benchmark (%) | P30: Additional Benchmark (%) | Q30: Scheme (%) | R30: Scheme Benchmark (%) | S30: Additional Benchmark (%) | T30: Scheme (%) | U30: Scheme Benchmark (%) | V30: Additional Benchmark (%) | W30: Scheme (%) | X30: Scheme Benchmark (%) | Y30: Additional Benchmark (%)
A31: 1 year | B31: 5.03 | C31: 7.08 | D31: 5.65 | E31: 5.56 | F31: 7.08 | G31: 5.65 | H31: 11.68 | I31: 7.08 | J31: 5.65 | K31: 13 | L31: 7.08 | M31: 5.65 | N31: 11.01 | O31: 7.08 | P31: 5.65 | Q31: 12.16 | R31: 7.08 | S31: 5.65 | T31: 11.64 | U31: 7.08 | V31: 5.65 | W31: 12.79 | X31: 7.08 | Y31: 5.65
A32: 3 Years | B32: 4.7 | C32: 8.57 | D32: 6.97 | E32: 5.22 | F32: 8.57 | G32: 6.97 | H32: NA | I32: NA | J32: NA | K32: NA | L32: NA | M32: NA | N32: NA | O32: NA | P32: NA | Q32: NA | R32: NA | S32: NA | T32: NA | U32: NA | V32: NA | W32: NA | X32: NA | Y32: NA
A33: 5 years | B33: NA | C33: NA | D33: NA | E33: NA | F33: NA | G33: NA | H33: NA | I33: NA | J33: NA | K33: NA | L33: NA | M33: NA | N33: NA | O33: NA | P33: NA | Q33: NA | R33: NA | S33: NA | T33: NA | U33: NA | V33: NA | W33: NA | X33: NA | Y33: NA
A34: Since Inception | B34: 7.37 | C34: 10.98 | D34: 7.33 | E34: 7.91 | F34: 10.98 | G34: 7.33 | H34: 7.89 | I34: 9.47 | J34: 6.75 | K34: 9.16 | L34: 9.47 | M34: 6.75 | N34: 8.59 | O34: 9.27 | P34: 6.52 | Q34: 9.77 | R34: 9.27 | S34: 6.52 | T34: 9.6 | U34: 9.77 | V34: 6.5 | W34: 10.77 | X34: 9.77 | Y34: 6.5
A35: Benchmark Index | C35: Crisil Hybrid 85+15 - Conservative Index | D35: Crisil 1 Year T-Bill Index | F35: Crisil Hybrid 85+15 - Conservative Index | G35: Crisil 1 Year T-Bill Index | I35: Crisil Hybrid 85+15 - Conservative Index | J35: Crisil 1 Year T-Bill Index | L35: Crisil Hybrid 85+15 - Conservative Index | M35: Crisil 1 Year T-Bill Index | O35: Crisil Hybrid 85+15 - Conservative Index | P35: Crisil 1 Year T-Bill Index | R35: Crisil Hybrid 85+15 - Conservative Index | S35: Crisil 1 Year T-Bill Index | U35: Crisil Hybrid 85+15 - Conservative Index | V35: Crisil 1 Year T-Bill Index | X35: Crisil Hybrid 85+15 - Conservative Index | Y35: Crisil 1 Year T-Bill Index
A36: NAV/ Index Value | B36: 13.3214 | C36: 3893.0426 | D36: ='Debt Open Ended '!D36 -> 4991.8244 | E36: 13.5928 | F36: =C36 -> 3893.0426 | G36: ='Debt Open Ended '!D36 -> 4991.8244 | H36: 12.1419 | I36: =C36 -> 3893.0426 | J36: ='Debt Open Ended '!D36 -> 4991.8244 | K36: 12.5106 | L36: =C36 -> 3893.0426 | M36: ='Debt Open Ended '!D36 -> 4991.8244 | N36: 12.1127 | O36: =C36 -> 3893.0426 | P36: ='Debt Open Ended '!D36 -> 4991.8244 | Q36: 12.4205 | R36: =C36 -> 3893.0426 | S36: ='Debt Open Ended '!D36 -> 4991.8244 | T36: 12.2383 | U36: =C36 -> 3893.0426 | V36: ='Debt Open Ended '!D36 -> 4991.8244 | W36: 12.5266 | X36: =C36 -> 3893.0426 | Y36: ='Debt Open Ended '!D36 -> 4991.8244
A38: Disclaimer :
A39: Mutual Fund Investments are subject to market risks, read all scheme related documents carefully.
A41: Notes:
A42: 1) All scheme returns are for growth option
A43: 2) AUM, Portfolio and scheme performance data is as on 31/01/2018
A44: 3) Expense ratio is Year to date for the respective month
A45: 4)The performance of the scheme is benchmarked to the Total Return variant of the Index
